 Dungeon Crawl Stone Soup version 0.21-a0-531-gacddea6 (webtiles) character file.

27 Amnesiac the Shield-Bearer (level 3, -3/29 HPs)
             Began as a Formicid Fighter on Dec 13, 2017.
             Slain by Sigmund
             ... wielding a +0 scythe
              (10 damage)
             ... on level 2 of the Dungeon.
             The game lasted 00:01:17 (689 turns).

Amnesiac the Shield-Bearer (Formicid Fighter)        Turns: 689, Time: 00:01:18

Health: -3/29      AC:  6    Str: 21    XL:     3   Next: 25%
Magic:  3/3        EV:  8    Int:  7    God:
Gold:   87         SH:  9    Dex: 10    Spells: 2/2 levels left

rFire    . . .     SeeInvis +   a - +0 quarterstaff
rCold    . . .     Gourm    .   c - +0 shield
rNeg     . . .     Faith    .   b - +0 scale mail
rPois    .         Spirit   .   (helmet unavailable)
rElec    .         Reflect  .   (no cloak)
rCorr    .         Harm     .   (no gloves)
MR       .....                  (no boots)
Stlth    ..........             (no amulet)
HPRegen  0.09/turn              (no ring)
MPRegen  0.08/turn              (no ring)

@: no status effects
A: permanent stasis, dig shafts and tunnels, four strong arms, antennae 3
a: Dig, Shaft Self


You were on level 2 of the Dungeon.
You were not hungry.

You visited 1 branch of the dungeon, and saw 2 of its levels.

You collected 87 gold pieces.

Inventory:

Hand Weapons
 a - a +0 quarterstaff (weapon)
Missiles
 e - 43 arrows
 j - 12 poisoned needles
Armour
 b - a +0 scale mail (worn)
 c - a +0 shield (worn)
Jewellery
 h - a cursed -3 ring of slaying {unknown}
Scrolls
 i - a scroll of immolation {!r, unknown}
 l - a scroll of identify {!r, unknown}
Potions
 d - a potion of might {!q}
 g - a potion of heal wounds {!q, unknown}
 k - a potion of curing {!q, unknown}
Comestibles
 f - a bread ration


   Skills:
 - Level 3.3 Fighting
 - Level 2.0 Staves
 - Level 3.3 Armour
 + Level 2.2 Dodging
 - Level 3.6 Shields


You had 2 spell levels left.
You didn't know any spells.

Dungeon Overview and Level Annotations

Branches:
Dungeon (2/15)

Altars:

Annotations:
D:2 Sigmund


Innate Abilities, Weirdness & Mutations

You cannot be hasted, slowed, berserked, paralysed or teleported.
You can dig through walls and to a lower floor.
Your four strong arms can wield two-handed weapons with a shield.
You have a pair of large antennae on your head. (SInv)


Message History

You kill the giant cockroach!
You block the adder's attack.
You hit the adder but do no damage. The adder closely misses you.
The adder bites you.
You sock the adder!
The adder is almost dead.
The adder barely misses you. The adder bites you.
You closely miss the adder.
The adder is almost dead.
The adder bites you but does no damage.
Your shield and scale mail prevent you from hitting the adder.
The adder is almost dead.
The adder bites you. You block the adder's attack.
You sock the adder!
You kill the adder!
Your Dodging skill increases to level 2!
You have reached level 3!
Your experience leads to an increase in your attributes!
Increase (S)trength, (I)ntelligence, or (D)exterity?
You feel stronger.
l - a scroll labeled QYLACW SOHA {!r} No target in view!
You see here a giant cockroach corpse.
A hobgoblin comes into view. It is wielding a club.
The hobgoblin shouts!
You hear a shout! x2
A hobgoblin is nearby!
Sigmund the Dreaded comes into view.
He is wielding a scythe.
Sigmund shouts!
You extend your mandibles.
You dig through the rock wall.
You dig through the rock wall.
You retract your mandibles.
You hit the hobgoblin but do no damage.
The hobgoblin hits you but does no damage.
You hit the hobgoblin but do no damage. The hobgoblin barely misses you.
You extend your mandibles.
You dig through the rock wall.
You closely miss the hobgoblin. You block the hobgoblin's attack.
You retract your mandibles.
You hit the hobgoblin.
You kill the hobgoblin!
You hit Sigmund.
Sigmund is lightly wounded.
Sigmund hits you with a scythe.
You hit Sigmund.
Sigmund is moderately wounded.
Sigmund hits you but does no damage.
Your scale mail prevents you from hitting Sigmund.
Sigmund is moderately wounded.
Sigmund hits you but does no damage.
You barely miss Sigmund.
Sigmund is moderately wounded.
Sigmund hits you with a scythe!
You closely miss Sigmund.
Sigmund is moderately wounded.
Sigmund hits you with a scythe!
* * * LOW HITPOINT WARNING * * *
You sock Sigmund!
Sigmund is heavily wounded.
You hit Sigmund but do no damage.
Sigmund is heavily wounded.
Sigmund hits you but does no damage.
You sock Sigmund!
Sigmund is almost dead.
Sigmund hits you with a scythe!
You die...

..# @#
######...
.#
.........
.#
#.......#
.#
#.......#
##.#
#.......#
#..
#.......#
#.###
#.......#
#.#@##
.########
#..#@#
....#####
#.####
###.....###
#.#
#####...#
#.#
###.###.#
#.##..#
##..#.###
#....†..#
#...†...#


You could see Sigmund.

Vanquished Creatures
  An adder (D:2)
  A worm (D:2)
  A bat (D:1)
  3 giant cockroaches (D:2)
  A goblin (D:1)
  3 hobgoblins
  A frilled lizard (D:1)
  2 kobolds
  A rat (D:1)
14 creatures vanquished.

Notes
Turn   | Place    | Note
-------+----------+-------------------------------------------
     0 | D:1      | Amnesiac the Formicid Fighter began the quest for the Orb.
     0 | D:1      | Reached XP level 1. HP: 18/18 MP: 1/1
   437 | D:1      | Reached skill level 1 in Dodging
   437 | D:1      | Reached XP level 2. HP: 24/24 MP: 2/2
   659 | D:2      | Reached XP level 3. HP: 23/29 MP: 3/3
   674 | D:2      | Noticed Sigmund
   689 | D:2      | Slain by Sigmund

Vault maps used:
D:1:      shiori_arrival_maze
D:2:      kennysheep_generic_room_16, uniq_sigmund, uniq_jessica

Skill      XL: |  1  2 |
---------------+-------+-----
Dodging        | 1 2 |  2.2
Fighting       | |  3.3
Staves         | |  2.0
Armour         | |  3.3
Shields        | |  3.6

Action                   || total
-------------------------++-------
Melee: Quarterstaff      ||    49
 Abil: Dig               ||     2
Armor: Scale mail        ||    17
Dodge: Dodged            ||    10
Block: Shield            ||    15

Table legend:
 A = Spawn XP
 B = Non-spawn XP
 C = Spawn XP percentage of total XP
 D = Spawn monster count
 E = Non-spawn monster count
 F = Spawn count percentage of total count
 G = Total turns spent on level
                    A         B        C        D         E        F      G
               +---------+---------+-------+---------+---------+-------+---------
         Total |       0 |      39 |   0.0 |       0 |      14 |   0.0 |   689
               +---------+---------+-------+---------+---------+-------+---------
           D:1 |       0 |       9 |   0.0 |       0 |       6 |   0.0 |   535
           D:2 |       0 |      30 |   0.0 |       0 |       8 |   0.0 |   154
               +---------+---------+-------+---------+---------+-------+---------
